 Dungeon Crawl Stone Soup version 0.19.5 (webtiles) character file.

560 JeffiDaFish the Shield-Bearer (level 7, 0/43 HPs)
             Began as a Gargoyle Fighter on Mar 25, 2017.
             Was an Initiate of Okawaru.
             Splashed by a jelly's acid (5 damage)
             ... on level 5 of the Dungeon.
             The game lasted 00:07:18 (3698 turns).

JeffiDaFish the Shield-Bearer (Gargoyle Fighter)    Turns: 3698, Time: 00:07:18

Health: 0/43       AC:  0    Str: 19    XL:     7   Next: 31%
Magic:  7/7        EV:  7    Int:  9    God:    Okawaru [......]
Gold:   206        SH: 15    Dex: 16    Spells: 0 memorised, 6 levels left

rFire  . . .     SeeInvis .     a - +1 flail
rCold  + . .     Gourm    .     b - +0 scale mail
rNeg   + . .     Faith    .     m - +0 large shield
rPois  ∞         Spirit   .     (no helmet)
rElec  +         Reflect  .     (no cloak)
rCorr  .         Harm     .     (no gloves)
MR     .....                    (no boots)
Stlth  ..........               (no amulet)
                                q - +5 ring of dexterity
                                j - ring of protection from cold

@: corroded
A: negative energy resistance 1, electricity resistance, unbreathing,
petrification resistance, rot immunity, AC +4
a: Renounce Religion


You were on level 5 of the Dungeon.
You worshipped Okawaru.
Okawaru was noncommittal.
You were not hungry.

You visited 2 branches of the dungeon, and saw 6 of its levels.

You collected 206 gold pieces.

Inventory:

Hand Weapons
 a - a +1 flail (weapon)
Armour
 b - a +0 scale mail (worn)
 m - a +0 large shield (worn)
Jewellery
 j - a ring of protection from cold (left hand)
 q - a +5 ring of dexterity (right hand)
Scrolls
 o - a scroll of remove curse
 r - a scroll of recharging
Potions
 d - 2 potions of might
 e - a potion of flight
 k - 4 potions of heal wounds
 p - 2 potions of curing
 s - 2 potions of cancellation
Comestibles
 f - 5 bread rations
 h - 3 fruits
 i - a beef jerky
 l - a royal jelly
 n - a meat ration


   Skills:
 + Level 4.1 Fighting
 + Level 5.0 Maces & Flails
 + Level 4.3 Armour
 + Level 1.9 Dodging
 + Level 5.4 Shields


You had 6 spell levels left.
You didn't know any spells.

Dungeon Overview and Level Annotations

Branches:
Dungeon (5/15)             Temple (1/1) D:5

Altars:
Ashenzari
Dithmenos
Elyvilon
Fedhas
Gozag
Hepliaklqana
Kikubaaqudgha
Makhleb
Okawaru
Qazlal
Uskayaw
Vehumet
Xom
Zin


Innate Abilities, Weirdness & Mutations

You are resistant to torment.
Your stone body is resilient. (AC +4)
You are immune to poison.
You resist negative energy. (rN+)
You are resistant to electric shocks. (rElec)
You can survive without breathing.
You are immune to petrification.
You are immune to rotting.


Message History

The jelly hits you but does no damage.
You hit the jelly.
Your hands burn!
The jelly is heavily wounded.
The jelly hits you but does no damage.
Your shield and scale mail prevent you from hitting the jelly.
The jelly is heavily wounded.
You block the jelly's attack. The jelly hits you. The acid corrodes you!
You are splashed with acid!
The acid burns!
You hit the jelly but do no damage.
Your hands burn!
The jelly is heavily wounded.
The jelly barely misses you.
You hit the jelly. The acid corrodes you!
Your hands burn!
* * * LOW HITPOINT WARNING * * *
The jelly is almost dead.
The jelly hits you.
* * * LOW HITPOINT WARNING * * *
You are splashed with acid!
The acid burns!
* * * LOW HITPOINT WARNING * * *
You hit the jelly but do no damage.
Your hands burn!
You die...

##### ....#
###.# #.#
#.#
#.###### #
#......#
####.#
######.#
#.J..# #.#
#@#
#.#######.#
#.........#
###########


You could see a jelly.

Vanquished Creatures
  A scorpion (D:4)
  A howler monkey (D:5)
  A bullfrog zombie (D:5)
  A hound (D:4)
  3 orc wizards (D:4)
  A centaur skeleton (D:4)
  Terence (D:2)
  3 worker ants
  A worker ant zombie (D:5)
  A howler monkey skeleton (D:5)
  6 adders
  A gnoll (D:4)
  A shadow imp (D:5)
  3 worms
  3 dart slugs
  2 leopard geckos
  10 orcs
  A giant cockroach (D:3)
  9 goblins
  6 hobgoblins
  7 jackals
  2 quokkas
  3 ball pythons
  7 bats
  7 frilled lizards
  9 kobolds
  A quokka skeleton (D:5)
  7 rats
99 creatures vanquished.

Vanquished Creatures (others)
  5 toadstools (D:1)
5 creatures vanquished.

Grand Total: 104 creatures vanquished

Notes
Turn   | Place    | Note
-------+----------+-------------------------------------------
     0 | D:1      | JeffiDaFish the Gargoyle Fighter began the quest for the Orb.
     0 | D:1      | Reached XP level 1. HP: 14/14 MP: 1/1
   324 | D:1      | Reached XP level 2. HP: 19/19 MP: 2/2
   713 | D:1      | Reached XP level 3. HP: 23/23 MP: 3/3
  1041 | D:2      | Noticed Terence
  1043 | D:2      | Reached XP level 4. HP: 25/29 MP: 4/4
  1048 | D:2      | Killed Terence
  1679 | D:3      | Reached XP level 5. HP: 30/33 MP: 5/5
  1833 | D:3      | Reached skill level 1 in Dodging
  2276 | D:4      | Found an opulent altar of Gozag.
  2491 | D:4      | Reached XP level 6. HP: 31/38 MP: 6/6
  2501 | D:4      | Found a hide-covered altar of Uskayaw.
  2504 | D:4      | Noticed a dagger
  2505 | D:4      | Noticed a dagger
  3038 | D:4      | Found a glowing silver altar of Zin.
  3039 | D:4      | Noticed an angel
  3041 | D:4      | Found a shimmering altar of Xom.
  3148 | D:5      | Entered Level 5 of the Dungeon
  3211 | D:5      | Found a hazy altar of Hepliaklqana.
  3303 | D:5      | Reached skill level 5 in Shields
  3401 | D:5      | Reached XP level 7. HP: 43/43 MP: 7/7
  3508 | D:5      | Found a staircase to the Ecumenical Temple.
  3515 | Temple   | Entered the Ecumenical Temple
  3560 | Temple   | Became a worshipper of Warmaster Okawaru
  3645 | D:5      | Reached skill level 5 in Maces & Flails
  3698 | D:5      | Splashed by a jelly's acid

Skill      XL: |  1  2  3  4  5  6  7 |
---------------+----------------------+-----
Maces & Flails | 3 4 5 |  5.0
Shields        | 4 5 |  5.4
Dodging        | 1 |  1.9
Armour         | 4 |  4.3
Fighting       | 4 |  4.1

Action                   |  1- 3 |  4- 6 |  7- 9 || total
-------------------------+-------+-------+-------++-------
Melee: Flail             |   120 |   258 |    56 ||   434
  Use: Potion            |     3 |     3 |       ||     6
       Scroll            |     2 |     9 |     1 ||    12
  Eat: Chunk             |     1 |     8 |     1 ||    10
Armor: Scale mail        |    73 |   152 |    23 ||   248
Dodge: Dodged            |    47 |    47 |     7 ||   101
Block: Shield            |    77 |     8 |       ||    85
       Large shield      |       |   226 |    34 ||   260
